 Dungeon Crawl Stone Soup version 0.21-a0-450-gd87a9b27c2 (webtiles) character file.

36624 FollowTheCloud the Fighter (level 13, 0/124 HPs)
             Began as a Minotaur Berserker on Nov 18, 2017.
             Was a High Priest of Trog.
             Slain by a catoblepas (17 damage)
             ... on level 6 of the Lair of Beasts on Nov 19, 2017.
             The game lasted 00:51:10 (18946 turns).

FollowTheCloud the Fighter (Minotaur Berserker)    Turns: 18946, Time: 00:51:11

Health: 0/124      AC: 17    Str: 27    XL:     13   Next: 54%
Magic:  0/4        EV: 16    Int:  4    God:    Trog [*****.]
Gold:   946        SH:  0    Dex:  6    Spells: 12/12 levels left

rFire    . . .     SeeInvis +   W - +2 broad axe (antimagic)
rCold    . . .     Gourm    .   (no shield)
rNeg     . . .     Faith    .   A - +5 ring mail of the Moon {+Inv Dex-4 SInv}
rPois    +         Spirit   +   (helmet restricted)
rElec    .         Reflect  .   u - +1 cloak
rCorr    .         Harm     .   (no gloves)
MR       .....                  m - +0 pair of boots
Stlth    ..........             k - amulet of guardian spirit
HPRegen  0.30/turn              J - ring of poison resistance
MPRegen  0.09/turn              C - +1 ring of evasion

@: about to teleport
A: retaliatory headbutt, horns 2
a: Berserk, Trog's Hand, Brothers in Arms, Burn Spellbooks, Renounce Religion,
Evoke Invisibility


You were on level 6 of the Lair of Beasts.
You worshipped Trog.
Trog was extremely pleased with you.
You were very full.

You visited 2 branches of the dungeon, and saw 17 of its levels.

You collected 946 gold pieces.

Inventory:

Hand Weapons
 I - a +0 battleaxe
 M - a +3 antimagic quarterstaff
 W - a +2 antimagic broad axe (weapon)
Armour
 m - a +0 pair of boots (worn)
 u - a +1 cloak (worn)
 A - the +5 ring mail of the Moon (worn) {+Inv Dex-4 SInv}
   (You found it on level 6 of the Dungeon)

   It affects your dexterity (-4).
   It lets you see invisible.
   It lets you turn invisible.
Jewellery
 k - an amulet of guardian spirit (around neck)
 x - a +6 ring of intelligence {unknown}
 y - an uncursed ring of resist corrosion
 C - a +1 ring of evasion (right hand)
 J - a ring of poison resistance (left hand)
 U - a +4 ring of strength {unknown}
 V - an uncursed ring of stealth {unknown}
 Z - an uncursed ring of flight {unknown}
Wands
 i - a wand of iceblast (0/15)
 B - a wand of confusion (32/48)
 H - a wand of paralysis (16/24)
 L - a wand of lightning (6/15)
 Q - a wand of paralysis (9/24)
 X - a wand of flame (20/48)
 Y - a wand of disintegration (13/24)
Scrolls
 a - 3 scrolls of holy word {unknown}
 e - 7 scrolls of remove curse
 g - 5 scrolls of amnesia
 j - 6 scrolls of teleportation
 l - 2 scrolls of enchant armour {unknown}
 o - 8 scrolls of identify
 r - a scroll of random uselessness {unknown}
 v - a scroll of recharging {unknown}
 w - 3 scrolls of enchant weapon {unknown}
 E - a scroll of brand weapon {unknown}
 F - 3 scrolls of blinking {unknown}
 T - a scroll of torment {unknown}
Potions
 b - a potion of cancellation {unknown}
 d - 2 potions of might
 n - 2 potions of heal wounds
 p - a potion of magic {unknown}
 s - a potion of agility {unknown}
 t - 9 potions of curing
 z - 2 potions of mutation {unknown}
 D - a potion of brilliance {unknown}
 G - 2 potions of invisibility {unknown}
 K - a potion of resistance {unknown}
 O - a potion of haste {unknown}
 P - 4 potions of lignification {unknown}
 R - a potion of flight {unknown}
Books
 S - a book of Cantrips

   Spells                             Type                      Level
   a - Confusing Touch                Hexes                        1
   b - Animate Skeleton               Necromancy                   1
   c - Summon Small Mammal            Summoning                    1
   d - Apportation                    Translocation                1
   Trog disapproves of the use of such an item.
Comestibles
 c - 5 bread rations
 f - 8 meat rations
 h - 12 royal jellies
 q - 25 fruits


   Skills:
 + Level 14.1 Fighting
 + Level 14.0 Axes
 + Level 13.8 Armour
 + Level 12.8 Dodging


You had 12 spell levels left.
You didn't know any spells.

Dungeon Overview and Level Annotations

Branches:
Dungeon (11/15)            Temple (0/1) D:5            Lair (6/6) D:11
  Swamp (0/4) Lair:2       Spider (0/4) Lair:2        Slime (0/5) Lair:5
    Orc (0/2) D:10

Altars:
Cheibriados
Fedhas
Gozag
Kikubaaqudgha
Makhleb
Nemelex Xobeh
Trog
Xom
Yredelemnul
Beogh
Jiyva


Innate Abilities, Weirdness & Mutations

You reflexively headbutt those who attack you in melee.
You have a pair of horns on your head.


Message History

The death yak gores you but does no damage.
The catoblepas gores you but does no damage.
The death yak is no longer petrified.
The death yak gores you but does no damage.
The catoblepas gores you but does no damage.
The death yak gores you but does no damage.
The death yak gores you!
* * * LOW HITPOINT WARNING * * *
The death yak gores you.
The death yak gores you but does no damage.
The catoblepas gores you!
* * * LOW HITPOINT WARNING * * *
The death yak gores you but does no damage. x2
The catoblepas gores you!!
* * * LOW HITPOINT WARNING * * *
You turn to flesh and can move again.
As you read the scroll labeled BODIRO CIKUSH, it crumbles to dust.
You feel strangely unstable.
It was a scroll of teleportation.
The death yak misses you. x2; The catoblepas gores you!!
You die...

.# #.## .# ##..#
## #.P.# #
##...# # #....##
## #♣....# .#
#....P# ##
#.....# ...
##Y@Y.## ...
##.Y.P# ..# .
##Y..### ..# .#
#P....### Y÷#.#
##P.....## §...#
##..P...##.Y♣.P#
###.........P.#
########P..##
#.#


You could see 3 death yaks and a catoblepas.

Vanquished Creatures
  2 hydras
  A centaur warrior (D:10)
  A two-headed ogre (D:9)
  A deep elf mage (D:10)
  2 black mambas
  25 elephants
  The ghost of hexaflexagon the Stinger, a novice OpWn of Gozag (D:7)
  A gargoyle (D:10)
  10 spiny frogs
  5 komodo dragons
  2 rime drakes
  A polar bear (Lair:4)
  2 jumping spiders (Lair:2)
  A troll (D:10)
  4 blink frogs (Lair:4)
  8 hippogriffs
  A spriggan (D:10)
  4 redbacks (Lair:2)
  20 yaks
  4 basilisks
  2 swamp worms (Lair:2)
  A soldier ant (D:10)
  7 porcupines
  9 water moccasins
  2 black bears
  6 orc warriors
  A sky beast (D:4)
  4 ogres
  A necrophage (D:10)
  4 centaurs
  18 wolves
  10 crocodiles
  A big kobold (D:9)
  13 bullfrogs
  A gnoll sergeant (D:8)
  6 scorpions
  10 killer bees
  3 vampire bats (Lair:6)
  3 electric eels (Lair:6)
  3 centaur zombies
  5 crimson imps
  A quasit (D:10)
  11 orc priests
  2 bullfrog skeletons
  7 hounds
  A bullfrog zombie (D:9)
  2 centaur skeletons
  3 iguanas
  15 orc wizards
  6 worker ants
  A hound skeleton (D:11)
  2 howler monkey zombies
  A worker ant zombie (D:8)
  Robin (D:2)
  8 gnolls
  9 adders
  A shadow imp (D:8)
  2 oozes
  An adder skeleton (D:6)
  2 worms
  A dart slug (D:2)
  5 leopard geckos
  58 orcs
  6 giant cockroaches
  16 goblins
  8 hobgoblins
  4 jackals (D:4)
  2 quokkas
  2 ball pythons (D:4)
  A ball python skeleton (D:5)
  13 bats
  5 frilled lizards
  15 kobolds
  3 leopard gecko skeletons (D:4)
  A quokka skeleton (D:7)
  7 rats
  7 fungi
  6 plants
442 creatures vanquished.

Vanquished Creatures (collateral kills)
  Snorg (Lair:5)
  3 hydras
  A jumping spider (Lair:2)
  3 redbacks (Lair:2)
8 creatures vanquished.

Vanquished Creatures (others)
  2 killer bees (D:10)
  A bat (D:3)
  3 fungi
  11 plants
17 creatures vanquished.

Grand Total: 467 creatures vanquished

Notes
Turn   | Place    | Note
-------+----------+-------------------------------------------
     0 | D:1      | FollowTheCloud the Minotaur Berserker began the quest for the Orb.
     0 | D:1      | Reached XP level 1. HP: 19/19 MP: 0/0
   515 | D:1      | Reached XP level 2. HP: 26/27 MP: 1/1
   960 | D:2      | Reached XP level 3. HP: 22/33 MP: 2/2
   969 | D:2      | Reached ** piety under Trog
  1271 | D:2      | Found a shimmering altar of Xom.
  1460 | D:2      | Noticed Robin
  1468 | D:2      | Reached XP level 4. HP: 30/41 MP: 3/3
  1647 | D:2      | Killed Robin
  1755 | D:2      | Reached XP level 5. HP: 46/47 MP: 4/4
  1767 | D:2      | Found a burning altar of Makhleb.
  1942 | D:2      | Found a basalt altar of Yredelemnul.
  1943 | D:2      | Found a bloodstained altar of Trog.
  2313 | D:3      | Reached skill level 5 in Fighting
  2313 | D:3      | Reached skill level 5 in Axes
  2316 | D:3      | Found a blossoming altar of Fedhas.
  2354 | D:3      | Reached *** piety under Trog
  2525 | D:3      | Reached XP level 6. HP: 56/56 MP: 5/5
  2746 | D:3      | Found a snail-covered altar of Cheibriados.
  2958 | D:4      | Noticed a sky beast
  2982 | D:4      | Killed a sky beast
  2984 | D:4      | HP: 2/56 [scorpion (7)]
  2991 | D:4      | Reached XP level 7. HP: 22/62 MP: 6/6
  3339 | D:4      | Reached skill level 5 in Armour
  3781 | D:5      | Entered Level 5 of the Dungeon
  4073 | D:5      | Reached skill level 5 in Dodging
  4515 | D:5      | Found a staircase to the Ecumenical Temple.
  4857 | D:6      | Got a warped ring mail
  4868 | D:6      | Identified the +5 ring mail of the Moon {+Inv Dex-4 SInv} (You found it on level 6 of the Dungeon)
  4913 | D:6      | Reached XP level 8. HP: 71/71 MP: 7/7
  4965 | D:4      | Reached **** piety under Trog
  5477 | D:6      | Found a sparkling altar of Nemelex Xobeh.
  5571 | D:7      | Found an opulent altar of Gozag.
  5985 | D:7      | Reached XP level 9. HP: 43/81 MP: 5/8
  6389 | D:7      | Noticed hexaflexagon's ghost (novice OpWn)
  6404 | D:7      | Killed hexaflexagon's ghost
  6404 | D:7      | Reached ***** piety under Trog
  6945 | D:8      | Found an ancient bone altar of Kikubaaqudgha.
  7978 | D:9      | Noticed a two-headed ogre
  7980 | D:9      | Killed a two-headed ogre
  7980 | D:9      | Reached XP level 10. HP: 91/91 MP: 9/9
  8549 | D:10     | Entered Level 10 of the Dungeon
  8808 | D:10     | Reached skill level 10 in Fighting
  8808 | D:10     | Reached skill level 10 in Axes
  8860 | D:10     | Noticed a deep elf mage
  8869 | D:10     | Killed a deep elf mage
  8974 | D:10     | Noticed a gargoyle
  8980 | D:10     | Killed a gargoyle
  8988 | D:10     | Received a gift from Trog
  9089 | D:10     | Reached skill level 10 in Armour
  9111 | D:10     | Found a staircase to the Orcish Mines.
  9123 | D:10     | Found a roughly hewn altar of Beogh.
  9410 | D:10     | Noticed a centaur warrior
  9420 | D:10     | Killed a centaur warrior
  9502 | D:10     | Reached XP level 11. HP: 101/101 MP: 10/10
  9607 | D:11     | Found a staircase to the Lair.
  9631 | Lair:1   | Entered Level 1 of the Lair of Beasts
 10074 | Lair:1   | Reached skill level 10 in Dodging
 10492 | Lair:1   | Upgraded the game from 0.21-a0-442-g848f44b3bc to 0.21-a0-450-gd87a9b27c2
 11318 | Lair:2   | Found a staircase to the Swamp.
 12091 | Lair:2   | Reached XP level 12. HP: 22/112 MP: 3/11
 12989 | Lair:2   | Found a hole to the Spider Nest.
 14174 | Lair:4   | Noticed an eight-headed hydra
 14246 | Lair:4   | Killed an eight-headed hydra
 15257 | Lair:4   | Received a gift from Trog
 15798 | Lair:5   | Found a staircase to the Slime Pits.
 15804 | Lair:5   | Found a viscous altar of Jiyva.
 16310 | Lair:5   | Noticed an eight-headed hydra
 16333 | Lair:5   | Killed an eight-headed hydra
 16745 | Lair:5   | Reached XP level 13. HP: 119/122 MP: 4/12
 16871 | Lair:6   | Entered Level 6 of the Lair of Beasts
 17525 | Lair:6   | Noticed Snorg
 17558 | Lair:5   | Killed Snorg
 18946 | Lair:6   | Slain by a catoblepas

Vault maps used:
D:1:      dpeg_arrival_central
D:2:      nicolae_overflow_hidden_temple, makhleb_blood_cavern_becter, tgw_xom,
          uniq_robin
D:3:      wad_pebble_path, old_standard_altar, fedhas_altar_1,
          interstate_on_off, bh_chokoban, kennysheep_generic_room_8
D:4:      grunt_ministairs_1
D:5:      lemuel_temple_firewalk_b, first_bread
D:6:      lemuel_coloured_pillars_altar
D:7:      grunt_gozag_statues
D:8:      lemuel_round_altar
D:10:     minmay_orc_entry_temple_small, hangedman_stone_soup
D:11:     david_lair_shrubbed, serial_shops, shop, uniq_psyche
Lair:1:   grunt_megastairs_3, serial_bayou_shore_a
Lair:2:   minmay_swamp_entry_worms, nicolae_spider_entry_tight_spaces
Lair:3:   grunt_megastairs_4, serial_bayou_shore_b
Lair:5:   slime_altar_1, lemuel_fruit_tree
Lair:6:   grunt_lair_end_beastmaster, roderic_batcave, serial_bayou_lake_a,
          serial_bayou_shore_b, uniq_snorg

Skill      XL: |  1  2  3  4  5  6  7  8  9 10 11 12 13 |
---------------+----------------------------------------+-----
Fighting       | 4 5 6 7 9 10 12 13 14 | 14.1
Axes           | 4 5 6 8 9 10 12 13 14 | 14.0
Armour         | 3 4 6 7 9 10 11 13 | 13.8
Dodging        | 3 4 5 6 8 9 10 12 | 12.8

Action                   |  1- 3 |  4- 6 |  7- 9 | 10-12 | 13-15 || total
-------------------------+-------+-------+-------+-------+-------++-------
Melee: Hand axe          |    76 |   126 |   229 |       |       ||   431
       Headbutt          |    14 |    17 |    61 |   117 |    41 ||   250
       Battleaxe         |       |       |    56 |   477 |       ||   533
       War axe           |       |       |    41 |       |       ||    41
       Broad axe         |       |       |       |   101 |   169 ||   270
       Quarterstaff      |       |       |       |     4 |    10 ||    14
Invok: Berserk           |       |     3 |     6 |     8 |     3 ||    20
       Burn Spellbooks   |       |       |     1 |     1 |       ||     2
       Brothers in Arms  |       |       |       |     2 |     3 ||     5
Evoke: Wand              |       |       |     2 |     5 |       ||     7
  Use: Potion            |       |     2 |       |     1 |       ||     3
       Scroll            |       |       |     3 |       |     2 ||     5
 Stab: Paralysed         |       |       |     1 |       |       ||     1
  Eat: Chunk             |     2 |     6 |    22 |    26 |     2 ||    58
       Bread ration      |       |       |       |     2 |     1 ||     3
       Meat ration       |       |       |       |     1 |       ||     1
       Fruit             |       |       |       |       |    11 ||    11
Armor: Animal skin       |     8 |       |       |       |       ||     8
       Scale mail        |    26 |    82 |    26 |       |       ||   134
       Ring mail         |       |       |   104 |   400 |   143 ||   647
Dodge: Dodged            |    51 |    98 |   223 |   575 |   202 ||  1149

Table legend:
 A = Spawn XP
 B = Non-spawn XP
 C = Spawn XP percentage of total XP
 D = Spawn monster count
 E = Non-spawn monster count
 F = Spawn count percentage of total count
 G = Total turns spent on level
                    A         B        C        D         E        F      G
               +---------+---------+-------+---------+---------+-------+---------
         Total |       0 |   52320 |   0.0 |       0 |     437 |   0.0 | 18946
               +---------+---------+-------+---------+---------+-------+---------
           D:1 |       0 |      16 |   0.0 |       0 |      10 |   0.0 |   782
           D:2 |       0 |     203 |   0.0 |       0 |      35 |   0.0 |  1259
           D:3 |       0 |     199 |   0.0 |       0 |      36 |   0.0 |   840
           D:4 |       0 |     578 |   0.0 |       0 |      24 |   0.0 |   951
           D:5 |       0 |     536 |   0.0 |       0 |      20 |   0.0 |  1250
           D:6 |       0 |     322 |   0.0 |       0 |      17 |   0.0 |   489
           D:7 |       0 |    1575 |   0.0 |       0 |      32 |   0.0 |  1151
           D:8 |       0 |    1088 |   0.0 |       0 |      26 |   0.0 |  1188
           D:9 |       0 |    1749 |   0.0 |       0 |      27 |   0.0 |   639
          D:10 |       0 |    5148 |   0.0 |       0 |      40 |   0.0 |   975
          D:11 |       0 |     866 |   0.0 |       0 |      11 |   0.0 |   466
        Lair:1 |       0 |    6232 |   0.0 |       0 |      23 |   0.0 |  1334
        Lair:2 |       0 |    3874 |   0.0 |       0 |      19 |   0.0 |  1909
        Lair:3 |       0 |    3541 |   0.0 |       0 |      14 |   0.0 |   929
        Lair:4 |       0 |    7406 |   0.0 |       0 |      35 |   0.0 |  1840
        Lair:5 |       0 |    8547 |   0.0 |       0 |      21 |   0.0 |  1124
        Lair:6 |       0 |   10440 |   0.0 |       0 |      47 |   0.0 |  1820
               +---------+---------+-------+---------+---------+-------+---------
